Workbook
Name _APU1: [1]APU!$G$41
Name _APU10: [1]APU!$G$499
Name _APU11: [1]APU!$G$543
Name _APU13: [1]APU!$G$633
Name _APU14: [1]APU!$G$1439
Name _APU15: [1]APU!$G$1482
Name _APU18: [1]APU!$G$885
Name _APU2: [1]APU!$G$84
Name _APU20: [1]APU!$G$675
Name _APU21: [1]APU!$G$759
Name _APU22: [1]APU!$G$843
Name _APU23: [1]APU!$G$928
Name _APU25: [1]APU!$G$1053
Name _APU26: [2]APU!$G$1096
Name _APU27: [2]APU!$G$1139
Name _APU28: [2]APU!$G$1181
Name _APU3: [1]APU!$G$126
Name _APU30: [2]APU!$G$1267
Name _APU31: [2]APU!$G$1353
Name _APU38: [1]APU!$G$1734
Name _APU4: [1]APU!$G$212
Name _APU41: [1]APU!$G$1863
Name _APU42: [1]APU!$G$1906
Name _APU43: [1]APU!$G$1949
Name _APU44: [1]APU!$G$1991
Name _APU45: [1]APU!$G$2032
Name _APU46: [1]APU!$G$2075
Name _APU47: [1]APU!$G$2117
Name _APU48: [1]APU!$G$2159
Name _APU49: [1]APU!$G$2201
Name _APU5: [1]APU!$G$253
Name _APU52: [1]APU!$G$2326
Name _APU53: [1]APU!$G$2367
Name _APU54: [1]APU!$G$2409
Name _APU59: [1]APU!$G$2620
Name _APU6: [1]APU!$G$292
Name _APU60: [1]APU!$G$2662
Name _APU61: [1]APU!$G$2706
Name _APU64: [1]APU!$G$2828
Name _APU65: [1]APU!$G$2870
Name _APU66: [1]APU!$G$2911
Name _APU7: [1]APU!$G$334
Name _APU72: [1]APU!$G$3173
Name _APU74: [2]APU!$G$3251
Name _APU75: [1]APU!$G$3290
Name _APU76: [2]APU!$G$3329
Name _APU77: [1]APU!$G$169
Name _APU78: [1]APU!$G$1012
Name _apu79: [2]APU!$G$1310
Name _APU8: [1]APU!$G$376
Name _APU80: [1]APU!$G$3411
Name _APU81: [1]APU!$G$3454
Name _APU82: [1]APU!$G$3496
Name _APU83: [1]APU!$G$3538
Name _APU84: [1]APU!$G$3622
Name _APU85: [1]APU!$G$3580
Name _APU86: [2]APU!$G$3368
Name _APU9: [1]APU!$G$457
Name A: '[3]RESUMEN -1'!$D$13:$E$13
Name aa: #REF!

Sheet AN. INTERV
A1: CUADRO DE CANTIDADES RESUMIDO
A2: OFERTA ECONOMICA | Z2: Utilidad/retenciones/pólizas | AA2: 0.32
A3: No. | B3: ACTIVIDAD | C3: CANTIDAD | D3: CATEGORÍA MÍNIMA | E3: Vr. H/M | F3: TOTAL MESES | G3: Sueldo Mensual (A) | H3: Honorario / Dia | I3: Honorario/Anual | J3: Cesantía/Anual | K3: Intereses de Cesantía /Anual | L3: Prima de Servicio (2 sem) /Anual | M3: Vacaciones /Anual | N3: Dotación /Anual | O3: Seguro Social Patronal (pensión y ARL) /Anual | P3: Caja de compensación familiar /Anual | Q3: Total a Cargo del Patron /Anual | R3: Total dia real trabajado | S3: Factor Prestacional (B) | T3: Utilidad/retenciones/pólizas | U3: Salario total | V3: total fp | W3: % DEDICACIÓN MIN. | X3: V. UNITARIO | Y3: PERFIL
A4: 1 | B4: HONORARIOS, SALARIOS Y PRESTACIONES SOCIALES DE TODO EL PERSONAL PROFESIONAL QUE SEA NECESARIO, DISPONER DIRECTAMENTE EN LA OBRA, YA SEA CON DEDICACIÓN PARCIAL O PERMANENTE . (RESIDENTE , Y AUXILIARES) | X4: =SUBTOTAL(9,X5:X12) -> 32966800
A5: 1.1 | B5: Director de interventoría | C5: 1 | D5: Categoría 2 | E5: =G5 -> 10613000 | F5: 2 | G5: =VLOOKUP(D5,'Tarifas profesionales'!$C$4:$E$29,3,FALSE) -> 10613000 | H5: =+G5/30 -> 353766.67 | I5: =(360*G5)/30 -> 127356000 | J5: =G5*360/360 -> 10613000 | K5: =J5*360*0.12/360 -> 1273560 | L5: =G5*360/360 -> 10613000 | M5: =G5*360/720 -> 5306500 | N5: 458000 | O5: =(0.2746*I5) -> 34971958 | P5: =I5*0.09 -> 11462040 | Q5: =+SUM(I5:P5) -> 2.0205406e+08 | R5: =+Q5/360 -> 561261.27 | S5: =+R5/H5 -> 1.5865296 | T5: =R5*(1+$AA$2) -> 740864.88 | U5: =T5*30 -> 22225946 | V5: =C5*U5*F5*W5 -> 17780757 | W5: 0.4 | X5: =C5*E5*F5*W5 -> 8490400 | Y5: El profesional para el cargo de Director de Interventoría, deberá ser Arquitecto y/o Ingeniero Civil, con posgrado en Gerencia de proyectos o Gerencia de Obras. y tarjeta profesional vigente. Deberá acreditar experiencia general de 10 años y especifica de 4 años, en por lo menos uno de los siguientes cargos: DIRECTOR DE OBRA Y/O RESIDENTE DE OBRA Y/O RESIDENTE DE INTERVENTORÍA DE OBRA Y/O DIRECTOR DE INTERVENTORÍA DE OBRA, anexando certificaciones en contratos de: CONSTRUCCIÓN DE EDIFICACIONES o INTERVENTORÍA DE CONSTRUCCIÓN DE EDIFICACIONES.
A6: 1.2 | B6: Residente de interventoría | C6: 1 | D6: Categoría 4 | E6: =G6 -> 6372000 | F6: 2 | G6: =VLOOKUP(D6,'Tarifas profesionales'!$C$4:$E$29,3,FALSE) -> 6372000 | H6: =+G6/30 -> 212400 | I6: =(360*G6)/30 -> 76464000 | J6: =G6*360/360 -> 6372000 | K6: =J6*360*0.12/360 -> 764640 | L6: =G6*360/360 -> 6372000 | M6: =G6*360/720 -> 3186000 | N6: 458000 | O6: =(0.2746*I6) -> 20997014 | P6: =I6*0.09 -> 6881760 | Q6: =+SUM(I6:P6) -> 1.2149541e+08 | R6: =+Q6/360 -> 337487.26 | S6: =+R6/H6 -> 1.5889231 | T6: =R6*(1+$AA$2) -> 445483.19 | U6: =T6*30 -> 13364496 | V6: =C6*U6*F6*W6 -> 26728991 | W6: 1 | X6: =C6*E6*F6*W6 -> 12744000 | Y6: El profesional para el cargo de Residente de Interventoría, deberá ser Arquitecto y/o Ingeniero Civil, con posgrado en Gerencia de proyectos o Gerencia de Obras. y tarjeta Profesional vigente. Deberá acreditar experiencia general de 6 años y especifica de 2 años en por lo menos uno de los siguientes cargos: DIRECTOR DE OBRA Y/O RESIDENTE DE OBRA Y/O RESIDENTE DE INTERVENTORÍA DE OBRA Y/O RESIDENTE DE INTERVENTORÍA DE OBRA, anexando certificaciones en contratos de: CONSTRUCCIÓN DE EDIFICACIONES o INTERVENTORÍA DE CONSTRUCCIÓN DE EDIFICACIONES.
A7: 1.3 | B7: Inspector SISO | C7: 1 | D7: Categoría 5 | E7: =G7 -> 4998000 | F7: 2 | G7: =VLOOKUP(D7,'Tarifas profesionales'!$C$4:$E$29,3,FALSE) -> 4998000 | H7: =+G7/30 -> 166600 | I7: =(360*G7)/30 -> 59976000 | J7: =G7*360/360 -> 4998000 | K7: =J7*360*0.12/360 -> 599760 | L7: =G7*360/360 -> 4998000 | M7: =G7*360/720 -> 2499000 | N7: 458000 | O7: =(0.2746*I7) -> 16469410 | P7: =I7*0.09 -> 5397840 | Q7: =+SUM(I7:P7) -> 95396010 | R7: =+Q7/360 -> 264988.92 | S7: =+R7/H7 -> 1.5905697 | T7: =R7*(1+$AA$2) -> 349785.37 | U7: =T7*30 -> 10493561 | V7: =C7*U7*F7*W7 -> 10493561 | W7: 0.5 | X7: =C7*E7*F7*W7 -> 4998000 | Y7: Deberá acreditar experiencia general de 4 años y especifica de 2 años como Profesional en Seguridad y Salud en el Trabajo con conocimientos y experiencia certificada en salud ocupacional y medio ambiente, en obras de construcción, es indispensable tener licencia en salud ocupacional y certificado como coordinador de trabajo en alturas, en cada contrato acreditara la experiencia laboral.
A8: 1.4 | B8: Asesor Hidrosanitario (Ingeniero Sanitario y/o Ambiental y Sanitario y/o Ingeniero Civil con Posgrado en Recursos Hídricos) | C8: 1 | D8: Categoría 4 | E8: =G8 -> 6372000 | F8: 2 | G8: =VLOOKUP(D8,'Tarifas profesionales'!$C$4:$E$29,3,FALSE) -> 6372000 | H8: =+G8/30 -> 212400 | I8: =(360*G8)/30 -> 76464000 | J8: =G8*360/360 -> 6372000 | K8: =J8*360*0.12/360 -> 764640 | L8: =G8*360/360 -> 6372000 | M8: =G8*360/720 -> 3186000 | N8: 458000 | O8: =(0.2746*I8) -> 20997014 | P8: =I8*0.09 -> 6881760 | Q8: =+SUM(I8:P8) -> 1.2149541e+08 | R8: =+Q8/360 -> 337487.26 | S8: =+R8/H8 -> 1.5889231 | T8: =R8*(1+$AA$2) -> 445483.19 | U8: =T8*30 -> 13364496 | V8: =C8*U8*F8*W8 -> 4009348.7 | W8: 0.15 | X8: =C8*E8*F8*W8 -> 1911600 | Y8: Deberá acreditar experiencia general de 6 años y especifica de 2 años, como DISEÑADOR INGENIERÍA SANITARIA Y/O INGENIERO HIDRAULICO Y/O ASESOR INGENIERÍA SANITARIA Y/O SUPERVISOR HIDROSANITARIO Y/O DIRECTOR HIDROSANITARIO Y/O RESIDENTE DE OBRA, Y/O RESIDENTE Y/O DIRECTOR DE INTERVENTORÍA DE OBRA en contratos de OBRAS DE CONSTRUCCIÓN DE EDIFICACIONES o INTERVENTORÍA DE CONSTRUCCIÓN DE EDIFICACIONES.
A9: 1.5 | B9: Asesor Electricista (Ingeniero Eléctrico) | C9: 1 | D9: Categoría 4 | E9: =G9 -> 6372000 | F9: 2 | G9: =VLOOKUP(D9,'Tarifas profesionales'!$C$4:$E$29,3,FALSE) -> 6372000 | H9: =+G9/30 -> 212400 | I9: =(360*G9)/30 -> 76464000 | J9: =G9*360/360 -> 6372000 | K9: =J9*360*0.12/360 -> 764640 | L9: =G9*360/360 -> 6372000 | M9: =G9*360/720 -> 3186000 | N9: 458000 | O9: =(0.2746*I9) -> 20997014 | P9: =I9*0.09 -> 6881760 | Q9: =+SUM(I9:P9) -> 1.2149541e+08 | R9: =+Q9/360 -> 337487.26 | S9: =+R9/H9 -> 1.5889231 | T9: =R9*(1+$AA$2) -> 445483.19 | U9: =T9*30 -> 13364496 | V9: =C9*U9*F9*W9 -> 4009348.7 | W9: 0.15 | X9: =C9*E9*F9*W9 -> 1911600 | Y9: Deberá acreditar experiencia general de 6 años y especifica de 2 años, como DISEÑADOR INGENIERO ELECTRICO Y/O ASESOR INGENIERO ELECTRICO y/o SUPERVISOR ELECTRICO y/o DIRECTOR ELECTRICO y/o RESIDENTE ELECTRICO en contratos de OBRAS DE CONSTRUCCIÓN DE EDIFICACIONES o INTERVENTORÍA DE CONSTRUCCIÓN DE EDIFICACIONES.
A10: 1.6 | B10: Asesor Ingeniero Ambiental | C10: 1 | D10: Categoría 4 | E10: =G10 -> 6372000 | F10: 2 | G10: =VLOOKUP(D10,'Tarifas profesionales'!$C$4:$E$29,3,FALSE) -> 6372000 | H10: =+G10/30 -> 212400 | I10: =(360*G10)/30 -> 76464000 | J10: =G10*360/360 -> 6372000 | K10: =J10*360*0.12/360 -> 764640 | L10: =G10*360/360 -> 6372000 | M10: =G10*360/720 -> 3186000 | N10: 458000 | O10: =(0.2746*I10) -> 20997014 | P10: =I10*0.09 -> 6881760 | Q10: =+SUM(I10:P10) -> 1.2149541e+08 | R10: =+Q10/360 -> 337487.26 | S10: =+R10/H10 -> 1.5889231 | T10: =R10*(1+$AA$2) -> 445483.19 | U10: =T10*30 -> 13364496 | V10: =C10*U10*F10*W10 -> 4009348.7 | W10: 0.15 | X10: =C10*E10*F10*W10 -> 1911600 | Y10: El Asesor de Interventoría deberá ser Ingeniero Ambiental con tarjeta profesional vigente y cumplir como mínimo con los requisitos exigidos en estas especificaciones. Deberá acreditar experiencia general de 6 años y especifica de 2 años, como INGENIERO AMBIENTAL Y/O ASESOR INGENIERO AMBIENTAL y/o SUPERVISOR AMBIENTAL
A11: 1.7 | B11: Abogado con Posgrado en Contratación Estatal | C11: 1 | D11: Categoría 5 | E11: =G11 -> 4998000 | F11: 2 | G11: =VLOOKUP(D11,'Tarifas profesionales'!$C$4:$E$29,3,FALSE) -> 4998000 | H11: =+G11/30 -> 166600 | I11: =(360*G11)/30 -> 59976000 | J11: =G11*360/360 -> 4998000 | K11: =J11*360*0.12/360 -> 599760 | L11: =G11*360/360 -> 4998000 | M11: =G11*360/720 -> 2499000 | N11: 458000 | O11: =(0.2746*I11) -> 16469410 | P11: =I11*0.09 -> 5397840 | Q11: =+SUM(I11:P11) -> 95396010 | R11: =+Q11/360 -> 264988.92 | S11: =+R11/H11 -> 1.5905697 | T11: =R11*(1+$AA$2) -> 349785.37 | U11: =T11*30 -> 10493561 | V11: =C11*U11*F11*W11 -> 1049356.1 | W11: 0.05 | X11: =C11*E11*F11*W11 -> 499800
A12: 1.8 | B12: Contador Publico | C12: 1 | D12: Categoría 5 | E12: =G12 -> 4998000 | F12: 2 | G12: =VLOOKUP(D12,'Tarifas profesionales'!$C$4:$E$29,3,FALSE) -> 4998000 | H12: =+G12/30 -> 166600 | I12: =(360*G12)/30 -> 59976000 | J12: =G12*360/360 -> 4998000 | K12: =J12*360*0.12/360 -> 599760 | L12: =G12*360/360 -> 4998000 | M12: =G12*360/720 -> 2499000 | N12: 458000 | O12: =(0.2746*I12) -> 16469410 | P12: =I12*0.09 -> 5397840 | Q12: =+SUM(I12:P12) -> 95396010 | R12: =+Q12/360 -> 264988.92 | S12: =+R12/H12 -> 1.5905697 | T12: =R12*(1+$AA$2) -> 349785.37 | U12: =T12*30 -> 10493561 | V12: =C12*U12*F12*W12 -> 1049356.1 | W12: 0.05 | X12: =C12*E12*F12*W12 -> 499800
B13: SUBTOTAL PERSONAL PROFESIONAL | X13: =SUBTOTAL(9,X5:X12) -> 32966800
B14: SUBTOTAL 1 (CON FACTOR MULTIPLICADOR) | W14: =X14/X13 -> 2.0969602 | X14: =SUBTOTAL(9,V5:V12) -> 69130068
A15: 2 | B15: OTROS GASTOS | X15: =SUBTOTAL(9,X16:X19) -> 13300000
A16: 2.1 | B16: Comunicación (Telefonia movil, Internet Fijo) Director y Residente de interventoria | C16: 1 | D16: Un | E16: 500000 | F16: 1 | W16: 1 | X16: =C16*E16*F16*W16 -> 500000
A17: 2.2 | B17: Viaticos (Director y Residente de interventoria) | C17: 1 | D17: Un | E17: =8*2*500000 -> 8000000 | F17: 1 | W17: 1 | X17: =C17*E17*F17*W17 -> 8000000
A18: 2.3 | B18: Elementos de proteccion personal | C18: 1 | D18: Un | E18: =COUNT(C5:C12)*320000 -> 2560000 | F18: 1 | W18: 1 | X18: =C18*E18*F18*W18 -> 2560000
A19: 2.4 | B19: Equipos de Computo | C19: 1 | D19: Un | E19: =COUNT(C6:C13)*320000 -> 2240000 | F19: 1 | W19: 1 | X19: =C19*E19*F19*W19 -> 2240000
B20: SUBTOTAL 2 | X20: =SUBTOTAL(9,X16:X19) -> 13300000
A21: 3 | B21: REVISION Y APROBACIÓN DE DOCUMENTOS | X21: =SUBTOTAL(9,X22:X23) -> 10000000
A22: 3.1 | B22: Entrega de la documentación previo para el inicio de la obra con los siguientes aspectos: *Aprobación de las hojas de vida del personal del contratista de obra e interventoría. *Revisión integral del proyecto (memorias de cálculos, planos, presupuesto, APUs, especificaciones técnicas). *Firma del acta de inicio de obra. *Demas documentación previa requerida para el inicio de obra descritos en el contrato y sus anexos, así como en el manual de interventoría de la FAC. | C22: 1 | D22: Un | E22: 5000000 | F22: 1 | W22: 1 | X22: =C22*E22*F22*W22 -> 5000000
A23: 3.2 | B23: Emision de informe previo para el incio de la obra que contenga: * Aprobación del Cronograma de obra en Project. * Aprobación del A.I.U * Aprobación manual de seguridad industrial y salud ocupacional. * Aprobación plan de manejo Ambiental * Aprobación del organigrama tecnico y administrativo | C23: 1 | D23: Un | E23: 5000000 | F23: 1 | W23: 1 | X23: =C23*E23*F23*W23 -> 5000000
A24: SUBTOTAL 3 | X24: =SUBTOTAL(9,X22:X23) -> 10000000
A25: SUBTOTAL (1+2+3) | X25: =X14+X20+X24 -> 92430068
A26: IVA (19%) | X26: =X25*0.19 -> 17561713
A27: TOTAL | X27: =X25+X26 -> 1.0999178e+08
A28: ANOTACION GENERAL : EL FACTOR MULTIPLICADOR SOLO APLICA PARA AQUELLOS CONTRATISTAS QUE VINCULEN CON CARÁCTER EXCLUSIVO AL PERSONAL PROFESIONAL (VINCULO LABORAL) Y NO A HONORARIOS (PRESTACION DE SERVICIOS).

Sheet Tarifas profesionales
B2: Trifa resolución xxx
B3: SMMLV 2022 | C3: 1000000 | D3: SMMLV 2023 | E3: 1160000
A4: Asignación | B4: Código | C4: Categoría | D4: 2022 | E4: 2023
A5: Categoría 1 | B5: Categoría 1 | C5: Categoría 1 | D5: 11879000 | E5: =D5 -> 11879000
A6: Categoría 2 | B6: Categoría 2 | C6: Categoría 2 | D6: 10613000 | E6: =D6 -> 10613000
A7: Categoría 3 | B7: Categoría 3 | C7: Categoría 3 | D7: 8861000 | E7: =D7 -> 8861000
A8: Categoría 4 | B8: Categoría 4 | C8: Categoría 4 | D8: 6372000 | E8: =D8 -> 6372000
A9: Categoría 5 | B9: Categoría 5 | C9: Categoría 5 | D9: 4998000 | E9: =D9 -> 4998000
A10: Categoría 6 | B10: Categoría 6 | C10: Categoría 6 | D10: 4267000 | E10: =D10 -> 4267000
A11: Categoría 7 | B11: Categoría 7 | C11: Categoría 7 | D11: 3900000 | E11: =D11 -> 3900000
A12: Categoría 8 | B12: Categoría 8 | C12: Categoría 8 | D12: 3023000 | E12: =D12 -> 3023000
A13: Categoría 9 | B13: Categoría 9 | C13: Categoría 9 | D13: 2683000 | E13: =D13 -> 2683000
A14: Tecnólogo | B14: Tecnólogo | C14: Tecnólogo | D14: 2212000 | E14: =D14 -> 2212000
A15: Auxiliar Ing | B15: Aux de Ingeniería | C15: Aux de Ingeniería | D15: 1988000 | E15: =D15 -> 1988000
A16: Dibujante 1 | B16: Dibujante | C16: Dibujante | D16: 1988000 | E16: =D16 -> 1988000
... A27: Conductor | B27: Conductor | C27: Conductor | D27: 1203000 | E27: =D27 -> 1203000
A28: Ayudante | B28: Ayudante | C28: Ayudante | D28: =7619*240 -> 1828560 | E28: =D28 -> 1828560
A29: Comisión de topo | D29: =D17+D23+D24 -> 4767000 | E29: =D29 -> 4767000
